 Dungeon Crawl Stone Soup version 0.16.1-7-g2c6721e (webtiles) character file.

203 siprus the Sneak (level 5, -3/24 HPs)
             Began as a Spriggan Enchanter on Mar 29, 2015.
             Slain by a kobold
             ... wielding a +0 club
              (4 damage)
             ... on level 4 of the Dungeon.
             The game lasted 00:08:24 (2303 turns).

siprus the Sneak (Spriggan Enchanter)               Turns: 2303, Time: 00:08:25

Health: -3/24      AC:  3    Str:  4    XL:     5   Next: 51%
Magic:  2/18       EV: 19    Int: 18    God:
Gold:   136        SH:  0    Dex: 16    Spells: 2 memorised, 9 levels left

rFire  . . .     SeeInvis +     q - +2 dagger (drain)
rCold  . . .     Clarity  .     b - +1 robe
rNeg   . . .     SustAb   .     (shield restricted)
rPois  .         Gourm    .     (helmet restricted)
rElec  .         Spirit   .     (no cloak)
rCorr  .         Warding  .     (gloves unavailable)
rMut   .         Stasis   .     (boots unavailable)
MR     .....                    g - amulet of rage
Stlth  ++++......               (no ring)
                                (no ring)

@: very quick, not resistant to hostile enchantments, stealthy
A: unfitting armour, see invisible, herbivore 3, speed 3, slow metabolism 2
a: Evoke Berserk Rage


You were on level 4 of the Dungeon.
You were not hungry.

You visited 1 branch of the dungeon, and saw 4 of its levels.

You collected 136 gold pieces.

Inventory:

Hand weapons
 a - a +1 dagger
 q - a +2 dagger of draining (weapon)
Armour
 b - a +1 robe (worn)
Jewellery
 g - an amulet of rage (around neck)
Scrolls
 e - 5 scrolls of identify {unknown}
 f - a scroll of immolation {unknown}
 h - a scroll of remove curse
 i - a scroll of teleportation {unknown}
 j - 3 scrolls of amnesia {unknown}
 l - a scroll of noise {unknown}
 m - a scroll of blinking {unknown}
 p - a scroll of recharging {unknown}
Potions
 k - a potion of might {unknown}
 r - a potion of brilliance {unknown}
 s - a potion of haste {unknown}
Books
 c - a book of Maledictions

   Spells                             Type                      Level
   a - Corona                         Hexes                        1
   b - Sure Blade                     Hexes/Charms                 2
   c - Ensorcelled Hibernation        Hexes/Ice                    2
   d - Confuse                        Hexes                        3
   e - Dazzling Spray                 Conjuration/Hexes            3
   f - Enslavement                    Hexes                        4
Comestibles
 d - 3 bread rations
 n - a slice of pizza
 o - a royal jelly


   Skills:
 + Level 2.3 Short Blades
 + Level 4.0 Dodging
 + Level 5.6 Stealth
 * Level 4.3 Spellcasting
 * Level 5.0 Hexes


You had 9 spell levels left.
You knew the following spells:

 Your Spells              Type           Power        Failure   Level  Hunger
a - Corona                Hex            ###....      1%          1    None
b - Ensorcelled Hibernat  Hex/Ice        ##....       10%         2    ##.....


Dungeon Overview and Level Annotations

Branches:
Dungeon (4/15)
 Temple: D:4-7

Altars:
Dithmenos


Innate Abilities, Weirdness & Mutations

You are tiny and cannot use many weapons and most armour.
You have supernaturally acute eyesight.
You are a herbivore.
You cover ground extremely quickly.
You need consume almost no food.


Message History

Press: ? - help, Shift-Dir - straight line, f - hound
Aim: a hound (chance 52%)
The hound resists with significant effort.
The hound bites you.
* * * LOW HITPOINT WARNING * * *
The kobold completely misses you. The hound misses you.
Casting: Ensorcelled Hibernation
Confirm with . or Enter, or press ? or * to list all spells.
Aiming: Ensorcelled Hibernation
Press: ? - help, Shift-Dir - straight line, f/p - hound
Aim: a hound (chance 52%)
The hound resists with significant effort.
The hound misses you. The kobold closely misses you.
Casting: Ensorcelled Hibernation
Confirm with . or Enter, or press ? or * to list all spells.
Aiming: Ensorcelled Hibernation
Press: ? - help, Shift-Dir - straight line, f/p - hound
Aim: a hound (chance 52%)
The hound looks drowsy...
The kobold hits you with a club.
You die...

.. .. ##. #.. ..#
###.# ######...# #
#...<.>...#####..####
#.......<..h@K.......
#.........######.....
.........# .
.........# ##########


You could see a hound (sleeping) and a kobold.

Vanquished Creatures
  An ogre (D:4)
  An orc wizard (D:3)
  An adder (D:2)
  4 giant geckos
  An ooze (D:1)
  10 orcs (D:3)
  2 ball pythons (D:3)
  A giant cockroach (D:2)
  10 hobgoblins
  7 jackals (D:1)
  5 kobolds
  4 bats (D:1)
  2 giant newts
  8 goblins (D:1)
  8 rats
65 creatures vanquished.

Notes
Turn   | Place    | Note
--------------------------------------------------------------
     0 | D:1      | siprus, the Spriggan Enchanter, began the quest for the Orb.
     0 | D:1      | Reached XP level 1. HP: 9/9 MP: 4/4
   175 | D:1      | Reached XP level 2. HP: 5/13 MP: 7/7
   706 | D:1      | Reached skill level 5 in Stealth
   710 | D:1      | Learned a level 2 spell: Ensorcelled Hibernation
   743 | D:1      | Reached XP level 3. HP: 4/16 MP: 11/11
  1687 | D:3      | Reached XP level 4. HP: 14/21 MP: 3/14
  2078 | D:3      | Found a shadowy altar of Dithmenos.
  2290 | D:4      | Noticed an ogre
  2300 | D:4      | Killed an ogre
  2300 | D:4      | Reached skill level 5 in Hexes
  2300 | D:4      | Reached XP level 5. HP: 5/24 MP: 7/18
  2301 | D:4      | HP: 1/24 [hound (4)]
  2303 | D:4      | Slain by a kobold

Action                   |  1- 3 |  4- 6 || total
-------------------------+-------+-------++-------
Melee: Dagger            |   151 |    26 ||   177
 Cast: Corona            |     3 |       ||     3
       Ensorcelled Hiber |    11 |    15 ||    26
  Use: Scroll            |     1 |       ||     1
 Stab: Sleeping          |    21 |     9 ||    30
       Distracted        |     1 |       ||     1
